 Dungeon Crawl Stone Soup version 0.28-a0-724-g66f9036eb4 (webtiles) character file.

Game seed: 5295775861271712225

0 meatgazer the Skirmisher (level 1, -15/18 HPs)
             Began as a Demonspawn Abyssal Knight on Oct 26, 2021.
             Was a Follower of Lugonu.
             Killed from afar by a will-o-the-wisp (22 damage)
             ... with a foxfire
             ... on level 3 of the Abyss.
             The game lasted 00:00:21 (73 turns).

meatgazer the Skirmisher (Demonspawn Abyssal Knight)  Turns: 73, Time: 00:00:22

Health: -15/18     AC:  3    Str: 13    XL:     1   Next: 0%
Magic:  2/2        EV: 11    Int: 11    God:    Lugonu [*.....]
Gold:   53         SH:  0    Dex: 13    Spells: 0/0 levels left

rFire   . . .      SeeInvis .   a - +1 falchion (vorpal)
rCold   . . .      Faith    .   (no shield)
rNeg    . . .      Spirit   .   b - +0 leather armour
rPois   .          Reflect  .   (no helmet)
rElec   .          Harm     .   (no cloak)
rCorr   .          Rampage  .   (no gloves)
Will    .....                   (no boots)
Stlth   +.........              (no amulet)
HPRegen 0.06/turn               (no ring)
MPRegen 0.08/turn               (no ring)

@: no status effects
A: no striking features
a: Renounce Religion, Depart the Abyss


You were on level 3 of the Abyss.
You worshipped Lugonu.
Lugonu was aware of your devotion.
You visited 0 branches of the dungeon, and saw 0 of its levels.
You visited the Abyss 1 time.

You collected 53 gold pieces.

Inventory:

Hand Weapons
 a - a +1 vorpal falchion (weapon)
Armour
 b - a +0 leather armour (worn)
Potions
 c - a potion of experience {unknown}
 d - a potion of mutation {unknown}


   Skills:
 + Level 3.0 Fighting
 + Level 1.7 Long Blades
 + Level 1.7 Armour
 + Level 0.8 Dodging
 + Level 2.4 Invocations


You couldn't memorise any spells.
You didn't know any spells.
Your spell library was empty.

Dungeon Overview and Level Annotations

Branches:
Dungeon (0/15)

Altars:


Message History

Welcome, meatgazer the Demonspawn Abyssal Knight.
Everyone else who sought the Orb of Zot has failed.
Will you be different?
Lugonu says: Depart the Abyss and spread corruption, my servant! (use the ability menu to exit the Abyss) Press ? for a list of commands and other information.
Found two corrupted altars of Lugonu.
Found a gateway leading deeper into the Abyss.
There is a gateway leading deeper into the Abyss here.
You plunge deeper into the Abyss.
Found a gateway leading deeper into the Abyss.
There is a gateway leading deeper into the Abyss here.
You plunge deeper into the Abyss.
The abyssal rune of Zot can be found at this depth.
Found a corrupted altar of Lugonu.
Found a bubbling green potion and 28 gold pieces.
c - a scroll labelled HUWELA IBYTUOQIRGH You now have 28 gold pieces.
d - a bubbling green potion
As you read the scroll labelled HUWELA IBYTUOQIRGH, it crumbles to dust.
The scroll dissolves into smoke.
It was a scroll of fog.
c - a murky white potion
e - a scroll labelled HINUCR CAJALAA You now have 53 gold pieces (gained 25).
A will-o-the-wisp comes into view.
As you read the scroll labelled HINUCR CAJALAA, it crumbles to dust.
It is a scroll of brand weapon.
Your +1 falchion emits a brilliant flash of light!
a - a +1 vorpal falchion (weapon)
The will-o-the-wisp gives a chilling moan.
A rakshasa comes into view. It is wielding a +0 trident.
Found a ring mail.
The will-o-the-wisp gestures.
The will-o-the-wisp conjures some foxfire! 2 foxfires come into view.
The foxfire hits you!
Ouch! That really hurt!
The foxfire hits you!!
Ouch! That really hurt!
You die...

.. ... #.. #.. [.
#..##..# ##.. ..
...... .... ...
..... ... #.. #..#
..#
##..##..##..##..
........@v§.R...
.........v......
#..##..##..##..
##..##..##..##..
............... .
..................
..##..##..##..##..#
..##..##..##..##..#
. . .
...................


You could see a rakshasa and a will-o-the-wisp.

Vanquished Creatures (others)
  A foxfire (Abyss:3)
1 creature vanquished.

Notes
Turn   | Place    | Note
-------+----------+-------------------------------------------
     0 | Abyss:1  | meatgazer the Demonspawn Abyssal Knight began the quest for
                  | the Orb.
     0 | Abyss:1  | Reached XP level 1. HP: 18/18 MP: 2/2
    34 | Abyss:3  | Found a corrupted altar of Lugonu.
    66 | Abyss:3  | Noticed a will-o-the-wisp
    71 | Abyss:3  | Noticed a rakshasa
    73 | Abyss:3  | Killed from afar by a will-o-the-wisp

Illustrated notes

Levels and vault maps discovered:
Abyss:3:  base:
Temple

Action                   || total
-------------------------++-------
  Use: Scroll            ||     2

Table legend: (Time is in decaauts)
 A = Elapsed time spent in this place.
 B = Non-inter-level travel time spent in this place.
 C = Inter-level travel time spent in this place.
 D = Time resting spent in this place.
 E = Time spent auto-exploring this place.
 F = Levels seen in this place.
 G = Mean time per level.
                   A        B        C        D        E       F      G
               +--------+--------+--------+--------+--------+-----+--------+
         Total |     72 |     72 |      0 |      0 |     35 |   3 |   24.0 |
         Abyss |     72 |     72 |      0 |      0 |     35 |   3 |   24.0 |
               +--------+--------+--------+--------+--------+-----+--------+

Top non-repeatable levels by time:
 Abyss:3: 42 daAuts
 Abyss:2: 25 daAuts
 Abyss:1: 4 daAuts
